 Dungeon Crawl Stone Soup version 0.19.5 (webtiles) character file.

42 Gargoyl the Skirmisher (level 3, 0/32 (33) HPs)
             Began as a Ghoul Abyssal Knight on Mar 2, 2017.
             Was a Follower of Lugonu.
             Slain by a worker ant (5 damage)
             ... on level 6 of the Dungeon.
             The game lasted 00:04:43 (1672 turns).

Gargoyl the Skirmisher (Ghoul Abyssal Knight)       Turns: 1672, Time: 00:04:44

HP:   0/32 (33)     AC: 10    Str: 15    XL:     3   Next: 54%
MP:   3/3           EV:  3    Int:  7    God:    Lugonu [*.....]
Gold: 139           SH:  6    Dex:  9    Spells: 0 memorised, 2 levels left

rFire  . . .     SeeInvis .     a - +1 hand axe
rCold  + . .     Gourm    .     m - +0 chain mail
rNeg   + + +     Faith    .     k - +0 shield
rPois  ∞         Spirit   .     (no helmet)
rElec  .         Reflect  .     (no cloak)
rCorr  .         Harm     .     h - +0 pair of gloves
MR     .....                    (no boots)
Stlth  ..........               e - amulet of regeneration
                                (no ring)
                                (no ring)

@: very slightly contaminated, rotting
A: rotting body, claws 1, carnivore 3, cold resistance 1, negative energy
resistance 3, slow regeneration 1, torment resistance, unbreathing
a: Depart the Abyss, Renounce Religion


You were on level 6 of the Dungeon.
You worshipped Lugonu.
Lugonu was aware of your devotion.
You were not hungry.

You visited 1 branch of the dungeon, and saw 5 of its levels.
You visited the Abyss 1 time.

You collected 139 gold pieces.

Inventory:

Hand Weapons
 a - a +1 hand axe (weapon)
Armour
 h - a +0 pair of gloves (worn)
 k - a +0 shield (worn)
 m - a +0 chain mail (worn)
Jewellery
 e - an amulet of regeneration (around neck)
Scrolls
 b - 2 scrolls of blinking {unknown}
 g - a scroll of teleportation
 o - a scroll of remove curse {unknown}
Potions
 f - a potion of flight
 n - 2 potions of magic
Comestibles
 c - a meat ration
 d - a slice of pizza


   Skills:
 + Level 3.8 Fighting
 + Level 2.1 Axes
 * Level 2.4 Armour
 + Level 1.0 Dodging
 * Level 2.4 Invocations


You had 2 spell levels left.
You didn't know any spells.

Dungeon Overview and Level Annotations

Branches:
Dungeon (7/15)
 Temple: D:4-7

Altars:
Hepliaklqana
Sif Muna

Annotations:
D:3 Laauton's ghost, amateur MiBe


Innate Abilities, Weirdness & Mutations

Your body is rotting away.
You thrive on raw meat.
You are immune to poison.
You have sharp fingernails.
You are carnivorous and can eat meat at any time.
Your flesh is cold resistant. (rC+)
You are immune to negative energy. (rN+++)
You regenerate slowly when monsters are visible.
You are immune to unholy pain and torment.
You can survive without breathing.


Message History

* * * LOW HITPOINT WARNING * * *
You see here 19 gold pieces.
You closely miss the crimson imp. You block the crimson imp's attack.
You barely miss the crimson imp.
You hit the worker ant but do no damage.
The crimson imp hits you but does no damage.
The worker ant bites you.
* * * LOW HITPOINT WARNING * * *
You closely miss the crimson imp. You barely miss the worker ant.
You block the worker ant's attack.
The crimson imp blinks!
The worker ant completely misses you.
You slash the worker ant!
The worker ant is severely wounded.
You feel your flesh rotting away. The worker ant bites you.
* * * LOW HITPOINT WARNING * * *
You hit the worker ant.
The worker ant is severely wounded.
The worker ant bites you.
You die...

#.####.# ##
###.#..#.#
....#......#.##
........a.5..>#
##.#.#.#.....#
#.#####.# #.#
#.# #.#####.#
#..@a5..#
#########


You could see a worker ant and a crimson imp.

Vanquished Creatures
  An adder zombie (D:6)
  A worm (D:2)
  3 dart slugs
  A leopard gecko (D:1)
  7 bats
  A goblin (D:2)
  4 hobgoblins
  A kobold (D:2)
  A ball python (D:2)
  5 frilled lizards
  5 rats
30 creatures vanquished.

Notes
Turn   | Place    | Note
-------+----------+-------------------------------------------
     0 | Abyss:1  | Gargoyl the Ghoul Abyssal Knight began the quest for the Orb.
     0 | Abyss:1  | Reached XP level 1. HP: 19/19 MP: 1/1
    35 | Abyss:1  | Noticed a large abomination
    37 | Abyss:1  | Noticed a large abomination
   122 | Abyss:2  | Noticed a large abomination
   134 | D:1      | Escaped the Abyss
   224 | D:1      | Reached * piety under Lugonu
   224 | D:1      | Reached XP level 2. HP: 15/25 MP: 2/2
   839 | D:2      | Found a deep blue altar of Sif Muna.
   913 | D:2      | Found a hazy altar of Hepliaklqana.
  1044 | D:2      | Reached XP level 3. HP: 33/33 MP: 3/3
  1397 | D:2      | Reached skill level 1 in Dodging
  1580 | D:3      | Noticed Laauton's ghost (amateur MiBe)
  1599 | D:3      | You fall through a shaft for 3 floors!
  1632 | D:7      | Noticed a scorpion
  1672 | D:6      | Slain by a worker ant

Skill      XL: |  1  2  3 |
---------------+----------+-----
Armour         | 2 |  2.4
Axes           | 2 |  2.1
Dodging        | 1 |  1.0
Fighting       | |  3.8
Invocations    | |  2.4

Action                   || total
-------------------------++-------
Melee: Hand axe          ||   146
Invok: Depart the Abyss  ||     1
  Use: Scroll            ||     4
       Potion            ||     4
  Eat: Chunk             ||    15
Armor: Leather armour    ||    12
       Chain mail        ||    92
Dodge: Dodged            ||    51
Block: Shield            ||    35
